 Dungeon Crawl Stone Soup version 0.31-a0-920-g28cbb04a8c (webtiles) character file.

Game seed: 17323910139880322654

194 NotreDorf the Magician (level 5, -1/37 HPs)
             Began as a Mummy Hedge Wizard on Oct 17, 2023.
             Slain by an iguana (12 damage)
             ... on level 4 of the Dungeon.
             The game lasted 00:13:10 (3765 turns).

NotreDorf the Magician (Mummy Hedge Wizard)         Turns: 3765, Time: 00:13:10

Health: -1/37      AC:  3    Str: 14    XL:     5   Next: 44%
Magic:  7/12       EV: 12    Int: 15    God:
Gold:   192        SH:  0    Dex: 11    Spells: 6/14 levels left

rFire   x . .        f - +1 falchion (drain)
rCold   + . .        (no shield)
rNeg    + + +        b - +0 robe
rPois   ∞            c - +0 hat
rElec   .            h - +0 cloak
rCorr   .            (no gloves)
SInv    .            (no boots)
Will    .....        (no amulet)
Stlth   ++           (no ring)
HPRegen 0.26/turn    (no ring)
MPRegen 0.13/turn

%: faith
@: no status effects
A: cold resistance 1, negative energy resistance 3, torment resistance 2, heat
vulnerability 1, in touch with death 1, no potions, faith
a: no special abilities


You were on level 4 of the Dungeon.
You visited 1 branch of the dungeon, and saw 4 of its levels.

You collected 192 gold pieces.

Inventory:

Hand Weapons
 a - a +0 dagger
 f - a +1 falchion of draining (weapon)
Armour
 b - a +0 robe (worn)
 c - a +0 hat (worn)
 h - a +0 cloak (worn)
Jewellery
 k - a ring of resist corrosion
Wands
 g - a wand of paralysis (7)
 j - a wand of roots (15)
Scrolls
 d - 3 scrolls of identify {unknown}
 e - a scroll of teleportation {unknown}
 i - a scroll of vulnerability {unknown}


   Skills:
 - Level 1.3 Fighting
 - Level 2.1 Dodging
 - Level 1.5 Stealth
 + Level 5.1 Spellcasting
 + Level 2.2 Conjurations
 - Level 0.7 Summonings
 + Level 1.6 Necromancy
 - Level 0.7 Translocations
 + Level 1.3 Air Magic


You had 6 spell levels left.
You knew the following spells:

 Your Spells              Type           Power      Damage    Failure   Level
a - Magic Dart            Conj           40%        1d5       6%          1
b - Blink                 Tloc           12%        N/A       19%         2
c - Cigotuvi's Dreadful   Necr/Pois/Air  20%        N/A       16%         2
d - Mephitic Cloud        Conj/Pois/Air  7%         N/A       30%         3

Your spell library contained the following spells:

 Spells                   Type           Power      Damage    Failure   Level
 Necrotise                Necr           52%        1d6       9%          1
 Apportation              Tloc           12%        N/A       12%         1
 Summon Small Mammal      Summ           24%        N/A       12%         1
 Slow                     Hex            12%        N/A       16%         1
 Call Imp                 Summ           12%        N/A       19%         2
 Tukima's Dance           Hex            3%         N/A       43%         3
 Passage of Golubria      Tloc           6%         N/A       75%         4
 Yara's Violent Unravell  Hex/Tmut       1%         3d3       99%         5


Dungeon Overview and Level Annotations

Branches:
Dungeon (4/15)
 Temple: D:4-7

Altars:
Cheibriados
Kikubaaqudgha
Wu Jian
Yredelemnul

Shops:
D:2 !


Innate Abilities, Weirdness & Mutations

You are immune to poison.
Your flesh is cold resistant. (rC+)
You are immune to negative energy. (rN+++)
You are immune to unholy pain and torment.
You are vulnerable to heat. (rF-)
You are in touch with the powers of death.
You do not drink.
You have a special connection with the divine. (Faith)


Message History

The magic dart hits the iguana but does no damage.
The iguana is lightly wounded.
Casting: Magic Dart (safe; 6% risk of failure)
Confirm with . or Enter, or press ? or * to list all spells.
Aiming: Magic Dart (safe; 6% risk of failure)
Press: ? - help, Shift-Dir - straight line, f/p - iguana
Aim: an iguana (lightly wounded, 100% to hit)
You miscast Magic Dart.
You are very lightly contaminated with residual magic.
Nothing appears to happen.
Casting: Magic Dart (safe; 6% risk of failure)
Confirm with . or Enter, or press ? or * to list all spells.
Aiming: Magic Dart (safe; 6% risk of failure)
Press: ? - help, Shift-Dir - straight line, f/p - iguana
Aim: an iguana (lightly wounded, 100% to hit)
The magic dart hits the iguana but does no damage.
The iguana is lightly wounded.
Casting: Magic Dart (safe; 6% risk of failure)
Confirm with . or Enter, or press ? or * to list all spells.
Aiming: Magic Dart (safe; 6% risk of failure)
Press: ? - help, Shift-Dir - straight line, f/p - iguana
Aim: an iguana (lightly wounded, 100% to hit)
The magic dart hits the iguana but does no damage.
The iguana is lightly wounded.
You completely miss the iguana.
The iguana is lightly wounded.
The iguana bites you.
You hit the iguana.
The iguana is heavily wounded.
The iguana bites you.
You closely miss the iguana.
The iguana is heavily wounded.
The iguana bites you!
Your magical contamination has completely faded away.
You closely miss the iguana.
The iguana is heavily wounded.
The iguana bites you!
* * * LOW HITPOINT WARNING * * *
The iguana bites you!
You die...

.. ##.# ##(..
##+#..# .. #.....#
....#####...^.#
.....Kl@#.....#
...####.'.....#
##+
###.....######.###
#........#...##.
#.....##...⌠.'..
##########...##.
###.### ##+


You could see an iguana and a kobold.

Vanquished Creatures
  Jessica (D:3)
  Ijyb (D:3)
  Natasha (twice) (D:3)
  4 adders
  3 worms (D:2)
  2 dart slugs
  3 bats
  5 endoplasms
  A giant cockroach (D:2)
  3 goblins
  A hobgoblin (D:3)
  4 jackals (D:2)
  8 kobolds
  3 quokkas
  2 ball pythons
  3 frilled lizards
  4 rats
50 creatures vanquished.

Notes
Turn   | Place    | Note
-------+----------+-------------------------------------------
     0 | D:1      | NotreDorf the Mummy Hedge Wizard began the quest for the
                  | Orb.
     0 | D:1      | Reached XP level 1. HP: 13/13 MP: 5/5
   328 | D:1      | Reached skill level 1 in Conjurations
   592 | D:1      | Reached XP level 2. HP: 20/20 MP: 2/7
   650 | D:1      | Learned a level 2 spell: Blink
   653 | D:1      | Learned a level 2 spell: Cigotuvi's Dreadful Rot
  1117 | D:2      | Found a basalt altar of Yredelemnul.
  1350 | D:2      | Reached skill level 1 in Fighting
  1505 | D:2      | Found Caukemud's Distillery.
  1550 | D:2      | Reached XP level 3. HP: 14/26 MP: 1/8
  2284 | D:2      | Learned a level 3 spell: Mephitic Cloud
  2302 | D:3      | Reached XP level 4. HP: 28/32 MP: 5/10
  2339 | D:3      | Noticed Jessica
  2346 | D:3      | Killed Jessica
  2690 | D:3      | Reached skill level 1 in Necromancy
  2809 | D:3      | Found an ancient bone altar of Kikubaaqudgha.
  2917 | D:3      | Found an ornate altar of the Wu Jian Council.
  3035 | D:3      | Noticed Ijyb
  3047 | D:3      | Killed Ijyb
  3048 | D:3      | Reached skill level 1 in Air Magic
  3279 | D:3      | Found a snail-covered altar of Cheibriados.
  3291 | D:3      | Noticed Natasha
  3300 | D:3      | Killed Natasha
  3301 | D:3      | Reached skill level 5 in Spellcasting
  3301 | D:3      | Reached XP level 5. HP: 37/37 MP: 2/12
  3570 | D:3      | Noticed Natasha
  3577 | D:3      | Killed Natasha
  3765 | D:4      | Slain by an iguana

Illustrated notes

Levels and vault maps discovered:
D:1:      dpeg_arrival_shrine, layout_loops_ring
D:2:      layout_basic, basic_altar, serial_shops, nicolae_shop_crystal,
          chequers_serial_rivers_micro_b
D:3:      layout_basic, mainiacjoe_overflow_paths,
          pdpol_wu_jian_five_deadly_venoms, lemuel_coloured_pillars_altar,
          uniq_jessica, uniq_natasha, uniq_ijyb
D:4:      layout_basic, minmay_temple_entry_large_hall, grunt_ministairs_4

Skill      XL: |  1  2  3  4 |
---------------+-------------+-----
Conjurations   | 1 2 |  2.2
Fighting       | 1 |  1.3
Dodging        | 2 |  2.1
Necromancy     | 1 |  1.6
Air Magic      | 1 |  1.3
Spellcasting   | 5 |  5.1
Stealth        | |  1.5
Summonings     | |  0.7
Translocations | |  0.7

Action                     |  1- 3 |  4- 6 || total
---------------------------+-------+-------++-------
  Melee: Dagger            |    28 |       ||    28
         Falchion          |    37 |    34 ||    71
         Punch             |       |     1 ||     1
   Cast: Magic Dart        |   109 |    27 ||   136
         Mephitic Cloud    |       |     3 ||     3
 Armour: Robe              |    37 |    20 ||    57
  Dodge: Dodged            |    35 |    16 ||    51

Table legend: (Time is in decaauts)
 A = Elapsed time spent in this place.
 B = Non-inter-level travel time spent in this place.
 C = Inter-level travel time spent in this place.
 D = Time resting spent in this place.
 E = Time spent auto-exploring this place.
 F = Levels seen in this place.
 G = Mean time per level.
                   A        B        C        D        E       F      G
               +--------+--------+--------+--------+--------+-----+--------+
         Total |   3786 |   3662 |    124 |      0 |   3182 |   4 |  946.5 |
       Dungeon |   3786 |   3662 |    124 |      0 |   3182 |   4 |  946.5 |
               +--------+--------+--------+--------+--------+-----+--------+

Top non-repeatable levels by time:
     D:3: 1448 daAuts
     D:2: 1260 daAuts
     D:1: 1045 daAuts
     D:4: 32 daAuts
